 Dungeon Crawl Stone Soup version 0.17-a0-957-ga3519be (webtiles) character file.

23 oplop the Insei (level 2, 0/18 HPs)
             Began as an Octopode Transmuter on May 7, 2015.
             Succumbed to an adder's poison
             ... on level 2 of the Dungeon.
             The game lasted 00:01:46 (1211 turns).

oplop the Insei (Octopode Transmuter)               Turns: 1211, Time: 00:01:46

Health: 0/18       AC:  1    Str: 14    XL:     2   Next: 95%
Magic:  1/5        EV: 12    Int: 15    God:
Gold:   62         SH:  0    Dex: 12    Spells: 1 memorised, 4 levels left

rFire  . . .     SeeInvis .       - Unarmed
rCold  . . .     Clarity  .     (no shield)
rNeg   . . .     SustAb   .     (helmet restricted)
rPois  .         Gourm    .     e - amulet of guardian spirit
rElec  .         Spirit   +     (no ring)
rCorr  .         Warding  .     (no ring)
rMut   .         Stasis   .     (no ring)
MR     .....                    (no ring)
Stlth  ++........               (no ring)
                                (no ring)
                                (no ring)
                                (no ring)

@: mighty, lethally poisoned (0 -> -12), appendage (expiring), not resistant to
hostile enchantments, unstealthy
A: almost no armour, amphibious, 8 rings, constrict 8, tentacle spike 3,
camouflage 1, gelatinous body 1
a: End Transformation


You were on level 2 of the Dungeon.
You were not hungry.
One of your tentacles had a temporary spike.
You visited 1 branch of the dungeon, and saw 2 of its levels.

You collected 62 gold pieces.

Inventory:

Missiles
 a - 12 arrows
Jewellery
 d - a cursed ring of loudness {unknown}
 e - an amulet of guardian spirit (around mantle)
Books
 b - a book of Changes

   Spells                             Type                      Level
   a - Beastly Appendage              Transmutation                1
   b - Sticks to Snakes               Transmutation                2
   c - Spider Form                    Transmutation/Poison         3
   d - Ice Form                       Ice/Transmutation            4
   e - Blade Hands                    Transmutation                5
Comestibles
 c - a bread ration
 g - a chunk of flesh
 h - a royal jelly


   Skills:
 + Level 1.4 Fighting
 + Level 2.2 Dodging
 - Level 3.0 Unarmed Combat
 * Level 2.3 Spellcasting
 * Level 2.5 Transmutations


You had 4 spell levels left.
You knew the following spells:

 Your Spells              Type           Power        Failure   Level  Hunger
a - Beastly Appendage     Trmt           #.....       10%         1    #......


Dungeon Overview and Level Annotations

Branches:
Dungeon (2/15)

Altars:


Innate Abilities, Weirdness & Mutations

You cannot wear most types of armour.
You are amphibious.
You can wear up to eight rings at the same time.
You can use your tentacles to constrict eight enemies at once.
Your skin changes colour to match your surroundings (Stealth).
Your rubbery body absorbs attacks (AC +1).
One of your tentacles bears a large vicious spike.


Message History

The adder is moderately wounded.
You feel sick.
The jackal moves out of view.
The adder closely misses you. The adder misses you.
You miss the adder. Your grab misses the adder.
The adder is moderately wounded.
The adder bites you.
A jackal comes into view.
Drink which item? (? for menu, Esc to quit)
It was a potion of might.
You feel very mighty all of a sudden.
Your transformation is almost over.
The adder bites you.
* * * LOW HITPOINT WARNING * * *
You are more poisoned.
The adder poisons you!
Unknown command.
Read which item? (? for menu, Esc to quit)
As you read the scroll labeled MERAMEDWUNU, it crumbles to dust.
It is a scroll of enchant armour.
You aren't carrying any armour which can be enchanted further.
You die...

.... .. .. ..h
... ..#.#.>#
##.# ... g..
....# ####.##..
.g..#
.......h##....
.........Sw#
........@h.#
...........#..#
.......<........
..........<#..#.
...!.......# ...
...........# ##
...........#
#######.##.# #..
!.


You could see a worm, an adder, 3 jackals and 2 hobgoblins.

Vanquished Creatures
  4 bats (D:1)
  A giant cockroach (D:1)
  2 goblins (D:1)
  4 hobgoblins (D:1)
  2 jackals (D:1)
  2 kobolds (D:1)
  2 giant geckos (D:1)
  3 rats (D:1)
20 creatures vanquished.

Notes
Turn   | Place    | Note
--------------------------------------------------------------
     0 | D:1      | oplop, the Octopode Transmuter, began the quest for the Orb.
     0 | D:1      | Reached XP level 1. HP: 13/13 MP: 3/3
   486 | D:1      | Reached XP level 2. HP: 15/18 MP: 3/5
  1211 | D:2      | Succumbed to an adder's poison

Action                   || total
-------------------------++-------
Melee: Dagger            ||    45
       Unarmed           ||    14
 Cast: Beastly Appendage ||    12
  Use: Scroll            ||     2
       Potion            ||     2
  Eat: Chunk             ||     1
